 Dungeon Crawl Stone Soup version 0.28.0-43-g3370ac3207 (webtiles) character file.

Game seed: 13690618589626895950

322 NinjaNoafa the Sneak (level 6, -1/37 HPs)
             Began as a Kobold Brigand on Apr 1, 2022.
             Succumbed to croobank's ghost's poison
             ... on level 3 of the Dungeon.
             The game lasted 00:06:53 (1931 turns).

NinjaNoafa the Sneak (Kobold Brigand)               Turns: 1931, Time: 00:06:53

Health: -1/37      AC:  4    Str:  8 (9)  XL:     6   Next: 76%
Magic:  6/6        EV: 15    Int: 11 (12) God:
Gold:   83         SH:  0    Dex: 17 (18) Spells: 5/5 levels left

rFire   . . .      SeeInvis .   a - +2 dagger
rCold   . . .      Faith    .   (no shield)
rNeg    . . .      Spirit   .   b - +0 robe
rPois   .          Reflect  .   j - +0 helmet
rElec   .          Harm     .   c - +0 cloak
rCorr   .          Rampage  .   (no gloves)
Will    .....                   (no boots)
Stlth   +++++.....              (no amulet)
HPRegen 0.12/turn               (no ring)
MPRegen 0.10/turn               (no ring)

@: lethally poisoned (-1 -> -6), on berserk cooldown, slowed, very slow
A: small, no large weapons, nightstalker 3
a: no special abilities


You were on level 3 of the Dungeon.
You visited 1 branch of the dungeon, and saw 3 of its levels.

You collected 83 gold pieces.

Inventory:

Hand Weapons
 a - a +2 dagger (weapon)
Missiles
 d - 8 poisoned darts (quivered)
 f - 50 stones
Armour
 b - a +0 robe (worn)
 c - a +0 cloak (worn)
 j - a +0 helmet (worn)
 l - a +0 cloak
Scrolls
 m - 2 scrolls of noise
Potions
 n - a potion of brilliance {unknown}


   Skills:
 + Level 3.3 Fighting
 * Level 5.0 Short Blades
 * Level 3.7 Throwing
 + Level 3.1 Dodging
 + Level 7.0 Stealth


You had 5 spell levels left.
You didn't know any spells.
Your spell library was empty.

Dungeon Overview and Level Annotations

Branches:
Dungeon (3/15)

Altars:


Innate Abilities, Weirdness & Mutations

You are small and have problems with some larger weapons.
You are completely attuned to the shadows.


Message History

Croobank's ghost hits you.
You are more poisoned.
Your unstable footing causes you to fumble your attack.
You feel sick.
You hit croobank's ghost.
You destroy croobank's ghost!
You feel sick. The river rat completely misses you.
The river rat closely misses you.
You feel your strength returning.
You feel your dexterity returning.
Your Short Blades skill increases to level 5!
Your Dodging skill increases to level 3!
Your Stealth skill increases to level 7!
You puncture the river rat!
The river rat is heavily wounded.
You feel sick.
* * * LOW HITPOINT WARNING * * *
You feel very sick.
You see here a curare-tipped dart.
You feel a strong urge to attack something.
* * * LOW HITPOINT WARNING * * *
You feel very sick.
Your unstable footing causes you to fumble your attack.
You feel sick.
The river rat bites you but does no damage.
The river rat bites you.
* * * LOW HITPOINT WARNING * * *
* * * LOW HITPOINT WARNING * * *
You feel sick.
You are too berserk!
You feel a strong urge to attack something.
You are no longer berserk.
You are exhausted.
You feel yourself slow down.
* * * LOW HITPOINT WARNING * * *
You feel sick.
There is an open translucent door here.
Blink to where?
Press: ? - help, Dir - move target
As you read the scroll of blinking, it crumbles to dust.
You die...

########## #<.......#
#######........#
##.....†..<.....#####
#....................
.............@.......
.....................
..................##
..............##...#
....(.....#######§##
#........ #†rr# #≈≈≈#
#≈(≈# #≈≈≈#


There were no monsters in sight!

Vanquished Creatures
  Sigmund (D:2)
  The ghost of croobank the Firebug, an amateur GnFE (D:3)
  A worm (D:2)
  3 dart slugs
  3 endoplasms (D:1)
  2 giant cockroaches (D:1)
  3 hobgoblins
  2 quokkas (D:1)
  2 ball pythons
  2 bats
  4 frilled lizards
  4 goblins
  3 kobolds (D:1)
  5 rats
36 creatures vanquished.

Notes
Turn   | Place    | Note
-------+----------+-------------------------------------------
     0 | D:1      | NinjaNoafa the Kobold Brigand began the quest for the Orb.
     0 | D:1      | Reached XP level 1. HP: 12/12 MP: 1/1
   150 | D:1      | Reached XP level 2. HP: 17/17 MP: 2/2
   563 | D:1      | Reached XP level 3. HP: 22/22 MP: 3/3
   898 | D:2      | Noticed Sigmund
  1019 | D:2      | Killed Sigmund
  1020 | D:2      | Reached skill level 6 in Stealth
  1020 | D:2      | Reached XP level 4. HP: 14/28 MP: 4/4
  1020 | D:2      | Reached XP level 5. HP: 16/32 MP: 5/5
  1467 | D:2      | Reached XP level 6. HP: 37/37 MP: 6/6
  1892 | D:3      | Found a runed translucent door.
  1900 | D:3      | Noticed croobank's ghost (amateur GnFE)
  1924 | D:3      | Killed croobank's ghost
  1925 | D:3      | Reached skill level 5 in Short Blades
  1925 | D:3      | Reached skill level 7 in Stealth
  1930 | D:3      | HP: 1/37 [poisoned by croobank's ghost]
  1931 | D:3      | Succumbed to croobank's ghost's poison

Illustrated notes

Levels and vault maps discovered:
D:1:      dpeg_arrival_prison, layout_loops_ring
D:2:      layout_basic, uniq_sigmund
D:3:      layout_rooms, mainiacjoe_overflow_chevrons, chei_slow_surprise,
          ebering_ghost_sewer_f, minmay_misc_feat_rugged

Skill      XL: |  1  2  3  4  5  6 |
---------------+-------------------+-----
Short Blades   | 3 4 5 |  5.0
Fighting       | 3 |  3.3
Throwing       | 3 |  3.7
Dodging        | 2 3 |  3.1
Stealth        | 6 7 |  7.0

Action                   |  1- 3 |  4- 6 || total
-------------------------+-------+-------++-------
Melee: Dagger            |    51 |    39 ||    90
Throw: Dart              |     4 |     3 ||     7
  Use: Scroll            |     3 |     2 ||     5
       Potion            |     1 |     3 ||     4
 Stab: Sleeping          |    15 |     8 ||    23
Armor: Robe              |     8 |     9 ||    17
Dodge: Dodged            |    18 |    25 ||    43
